Map: [ESL] Inside and Out

Players

Raza - Winner!

  • Race: Terran Terran
  • Spawn Location: 1:00

Mixu

  • Race: Zerg Zerg
  • Spawn Location: 7:00

Event: DreamHack SC2 Masters 2022 Atlanta (Offline)

VOD

Have the link to the VOD?

Description

Time

  • Played on: Nov. 18, 2022, 1:33 p.m.
  • Length: 4:38

All games in this series

Show
View Real Time Build Order
Export as new Build Order

Raza Terran - Winner!

Build Orders:  

Get SALT Encoding   

  12  0:00  SCV  
  13  0:12  SCV  
  14  0:17  Supply Depot  
  14  0:24  SCV  
  15  0:40  Barracks  
  15  0:45  Barracks  
  15  0:57  Barracks  
  15  1:10  Barracks  
  15  1:13  SCV  
  16  1:27  Marine  
  16  1:31  Marine  
  18  1:37  Orbital Command  
  18  1:47  Supply Depot, Marine  
  18  1:51  Marine  
  20  1:56  Marine  
  21  2:01  Marine  
  21  2:05  Marine  
  23  2:09  Marine  
  23  2:13  Marine  
  25  2:19  Marine  
  26  2:22  Supply Depot  
  26  2:23  Marine  
  26  2:27  Marine  
  28  2:31  Marine  
  29  2:37  Marine  
  29  2:41  Marine  
  31  2:44  SCV  
  31  2:45  Marine  
  31  2:49  Marine  
  34  2:55  Marine  
  35  2:58  Marine  
  35  3:03  Marine  
  37  3:07  Marine  
  38  3:13  Marine  
  39  3:35  Marine  
  39  3:38  Marine  
  39  3:42  Marine  
  39  3:45  Marine  
  39  3:53  Marine  
  35  3:58  Marine  
  34  4:09  Marine x2  
Show
View Real Time Build Order
Export as new Build Order

Mixu Zerg 

Build Orders: Hatch First 

Get SALT Encoding   

  12  0:00  Drone  
  13  0:12  Overlord  
  13  0:17  Drone  
  14  0:31  Drone  
  14  0:34  Drone  
  16  0:48  Hatchery  
  15  0:51  Drone  
  15  0:55  Drone  
  17  1:06  Extractor  
  17  1:11  Spawning Pool  
  15  1:14  Drone  
  15  1:17  Drone  
  17  1:27  Drone  
  18  1:39  Drone  
  19  1:49  Drone  
  20  2:00  Queen x2  
  24  2:02  Zergling x4  
  26  2:12  Drone, Overlord  
  27  2:18  Metabolic Boost  
  27  2:21  Drone  
  28  2:31  Hatchery  
  28  2:34  Drone  
  28  2:36  Drone  
  29  2:39  Drone  
  29  2:43  Drone  
  31  2:48  Spine Crawler  
  30  2:51  Queen  
  30  2:52  Roach Warren  
  30  2:57  Zergling x4  
  33  2:59  Overlord  
  33  3:04  Zergling x2  
  34  3:06  Zergling x2  
  35  3:13  Zergling x2  
  35  3:16  Spine Crawler  
  34  3:25  Queen  
  34  3:26  Zergling x10  
  42  3:38  Zergling x4  
  39  3:49  Zergling x4  
  32  4:06  Zergling x2  
  32  4:15  Zergling x2  
Tags
 
Add a new tag
Caveats
  • Supply blocks, unpowered buildings, or Contaminate may cause inaccurate times.
  • Supply counts are checked every 10 seconds.